 Dungeon Crawl Stone Soup version 0.28-a0-1567-g1695149f81 (webtiles) character file.

Game seed: 18072633291174414297

54 Strat the Vandal (level 4, -5/33 HPs)
             Began as a Human Hunter on Jan 19, 2022.
             Killed by divine providence
             ... invoked by an orc priest
              (14 damage)
             ... on level 2 of the Dungeon.
             The game lasted 00:02:02 (1245 turns).

Strat the Vandal (Human Hunter)                     Turns: 1245, Time: 00:02:03

Health: -5/33      AC:  6    Str: 15    XL:     4   Next: 12%
Magic:  4/4        EV: 11    Int: 11    God:
Gold:   57         SH:  0    Dex: 13    Spells: 3/3 levels left

rFire   . . .      SeeInvis .   b - +3 dagger (drain)
rCold   . . .      Faith    .   (no shield)
rNeg    . . .      Spirit   .   q - +0 ring mail
rPois   +          Reflect  .   (no helmet)
rElec   .          Harm     .   (no cloak)
rCorr   .          Rampage  .   (no gloves)
Will    .....                   k - +0 pair of boots
Stlth   +.........              (no amulet)
HPRegen 0.11/turn               f - ring of poison resistance
MPRegen 0.09/turn               (no ring)

@: no status effects
A: no striking features
a: no special abilities


You were on level 2 of the Dungeon.
You visited 1 branch of the dungeon, and saw 2 of its levels.

You collected 57 gold pieces.

Inventory:

Hand Weapons
 a - a +1 hunting sling
 b - a +3 dagger of draining (weapon)
 m - a +0 short sword
Missiles
 d - 39 sling bullets
 j - 68 stones (quivered)
Armour
 c - a +0 leather armour
 k - a +0 pair of boots (worn)
 q - a +0 ring mail (worn)
Jewellery
 f - a ring of poison resistance (left hand)
Scrolls
 g - a scroll of identify {unknown}
 h - a scroll of teleportation {unknown}
 n - 3 scrolls of fear {unknown}
 o - a scroll of immolation {unknown}
Potions
 e - a potion of ambrosia {unknown}
 i - a potion of haste {unknown}
 l - 2 potions of brilliance {unknown}
 p - a potion of heal wounds {unknown}
 r - a potion of degeneration {unknown}


   Skills:
 - Level 2.0 Fighting
 * Level 3.1 Short Blades
 - Level 4.0 Slings
 - Level 2.0 Dodging
 + Level 1.7 Stealth


You had 3 spell levels left.
You didn't know any spells.
Your spell library was empty.

Dungeon Overview and Level Annotations

Branches:
Dungeon (2/15)

Altars:


Message History

You bump into the rock wall.
The orc wizard points at you and mumbles some strange words.
The magic dart hits you.
You bump into the rock wall.
Okay, then.
You hit the orc wizard. You drain the orc wizard.
The orc wizard is moderately wounded.
The orc wizard hits you but does no damage.
You hit the orc wizard.
The orc wizard is heavily wounded.
You feel less confused. The orc wizard misses you.
You hit the orc wizard.
The orc wizard is almost dead.
The orc wizard hits you with a +0 dagger.
You hit the orc wizard.
You kill the orc wizard!
Your Short Blades skill increases to level 3!
You have reached level 4!
You feel stronger.
You completely miss the orc. The orc hits you but does no damage.
You hit the orc.
The orc is heavily wounded.
The orc priest invokes the aid of Beogh against you.
Beogh smites you!
* * * LOW HITPOINT WARNING * * *
Unknown command.
You closely miss the orc.
The orc is heavily wounded.
The orc barely misses you.
You barely miss the orc.
The orc is heavily wounded.
The orc hits you with a +0 hand axe.
* * * LOW HITPOINT WARNING * * *
Unknown command.
You hit the orc.
You kill the orc!
The orc priest mumbles some strange prayers to Beogh against you.
Beogh smites you!
You die...

#...........########
######.###### #.# #.#
#.########
############.........
...............#######
#.# ###.#####.######
#^# #o)@...........
#.# #.#####.#######
#######.# #.# #.#
#.....#.# #o# #.#
#o###.#.######o# #.#
.$# #.#.##.....# #..
#.###...o.o###.# ###
#.....#.#### #.#
#######.######.#


You could see an orc priest.

Vanquished Creatures
  An orc wizard (D:2)
  An orc (D:2)
  3 ball pythons
  3 endoplasms
  A giant cockroach (D:1)
  2 goblins (D:1)
  2 hobgoblins (D:1)
  2 jackals (D:2)
  3 kobolds
  A quokka (D:2)
  4 bats
  3 frilled lizards (D:1)
  3 rats
29 creatures vanquished.

Notes
Turn   | Place    | Note
-------+----------+-------------------------------------------
     0 | D:1      | Strat the Human Hunter began the quest for the Orb.
     0 | D:1      | Reached XP level 1. HP: 16/16 MP: 1/1
    83 | D:1      | Found a faded altar of an unknown god.
   144 | D:1      | Reached skill level 1 in Short Blades
   212 | D:1      | Reached XP level 2. HP: 22/22 MP: 2/2
   875 | D:2      | Reached XP level 3. HP: 22/27 MP: 3/3
  1241 | D:2      | Reached XP level 4. HP: 24/33 MP: 4/4
  1245 | D:2      | Killed from afar by an orc priest

Illustrated notes

Levels and vault maps discovered:
D:1:      sevenhm_arrival_forest_fort_large_3, layout_basic,
          basic_ecumenical_altar, st_stairs_13, hangedman_abyss_or_decor_stabs,
          minmay_hexomino_c4
D:2:      layout_loops_ring

Skill      XL: |  1  2  3 |
---------------+----------+-----
Short Blades   | 1 2 3 |  3.1
Fighting       | |  2.0
Slings         | |  4.0
Dodging        | |  2.0
Stealth        | |  1.7

Action                   |  1- 3 |  4- 6 || total
-------------------------+-------+-------++-------
Melee: Short sword       |    24 |       ||    24
       Dagger            |    36 |     5 ||    41
       Punch             |     1 |       ||     1
 Fire: Hunting sling     |     1 |       ||     1
Armor: Leather armour    |    23 |       ||    23
       Ring mail         |     1 |     1 ||     2
Dodge: Dodged            |    33 |     1 ||    34

Table legend: (Time is in decaauts)
 A = Elapsed time spent in this place.
 B = Non-inter-level travel time spent in this place.
 C = Inter-level travel time spent in this place.
 D = Time resting spent in this place.
 E = Time spent auto-exploring this place.
 F = Levels seen in this place.
 G = Mean time per level.
                   A        B        C        D        E       F      G
               +--------+--------+--------+--------+--------+-----+--------+
         Total |   1239 |   1232 |      7 |      0 |   1004 |   2 |  619.5 |
       Dungeon |   1239 |   1232 |      7 |      0 |   1004 |   2 |  619.5 |
               +--------+--------+--------+--------+--------+-----+--------+

Top non-repeatable levels by time:
     D:1: 817 daAuts
     D:2: 421 daAuts
